 Dungeon Crawl Stone Soup version 0.18-a0-1788-g92de1ac (webtiles) character file.

10246 Murumi the Carver (level 11, -1/84 HPs)
             Began as a Formicid Fighter on Apr 20, 2016.
             Was a Believer of Elyvilon.
             Succumbed to an orc knight's poison
             ... on level 2 of the Orcish Mines.
             The game lasted 00:44:23 (11522 turns).

Murumi the Carver (Formicid Fighter)               Turns: 11522, Time: 00:44:23

Health: -1/84      AC: 15    Str: 24    XL:     11   Next: 89%
Magic:  16/17      EV:  7    Int:  8    God:    Elyvilon [**....]
Gold:   1450       SH: 13    Dex: 10    Spells: 0 memorised, 10 levels left

rFire  . . .     SeeInvis +     A - +2 great sword (slice)
rCold  . . .     Gourm    .     E - +0 plate armour
rNeg   . . .     Faith    .     c - +1 shield
rPois  .         Spirit   .     (helmet unavailable)
rElec  .         Dismiss  .     B - +0 cloak
rCorr  .         Reflect  .     j - +0 pair of gloves
SustAt .         Harm     .     (no boots)
MR     +....                    (no amulet)
Stlth  ..........               (no ring)
                                y - ring of flight

@: lethally poisoned (-1 -> -47), protection, somewhat resistant to hostile
enchantments, extremely unstealthy
A: permanent stasis, dig shafts and tunnels, four strong arms, antennae 3
a: Dig, Shaft Self, Lesser Healing, Heal Other, Divine Protection, Renounce
Religion, Evoke Flight


You were on level 2 of the Orcish Mines.
You worshipped Elyvilon.
Elyvilon was pleased with you.
You were not hungry.

You visited 3 branches of the dungeon, and saw 13 of its levels.

You collected 1450 gold pieces.

Inventory:

Hand Weapons
 p - a -2 arbalest
 A - a +2 great sword of slicing (weapon)
Armour
 c - a +1 shield (worn)
 j - a +0 pair of gloves (worn)
 B - a +0 cloak (worn)
 E - a +0 plate armour (worn)
Jewellery
 y - a ring of flight (left hand)
Wands
 b - a wand of iceblast (12/15)
Scrolls
 d - 3 scrolls of fear
 o - 3 scrolls of recharging
 q - 6 scrolls of remove curse
 w - 2 scrolls of amnesia
 x - a scroll of enchant armour
 C - a scroll of magic mapping
Potions
 e - 3 potions of curing
 k - 2 potions of lignification
 m - 3 potions of magic
 n - a potion of ambrosia
 r - a potion of brilliance
 t - 2 potions of agility
 v - 3 potions of heal wounds
 z - a potion of resistance {unknown}
 D - a potion of invisibility
 F - a potion of mutation {unknown}
Comestibles
 a - 7 chunks of flesh
 f - 12 bread rations
 i - 3 beef jerkies
 l - 8 slices of pizza
 s - 7 meat rations
 u - 5 fruits


   Skills:
 - Level 7.0 Fighting
 + Level 10.9 Long Blades
 - Level 6.0 Crossbows
 - Level 7.0 Armour
 - Level 9.2 Shields
 - Level 9.0 Invocations


You had 10 spell levels left.
You didn't know any spells.

Dungeon Overview and Level Annotations

Branches:
Dungeon (10/15)            Temple (1/1) D:7            Lair (0/8) D:10
    Orc (2/2) D:9
    Elf: Orc:2

Altars:
Ashenzari
Cheibriados
Dithmenos
Elyvilon
Fedhas
Gozag
Kikubaaqudgha
Makhleb
Nemelex Xobeh
Okawaru
Pakellas
Qazlal
Ru
Sif Muna
Trog
Vehumet
Xom
Yredelemnul
Zin
The Shining One
Beogh

Annotations:
D:9 exclusion: orange crystal statue


Innate Abilities, Weirdness & Mutations

You are under a permanent stasis effect.
You can dig through walls and to a lower floor.
Your four strong arms can wield two-handed weapons with a shield.
You have a pair of large antennae on your head (SInv).


Message History

You are more poisoned.
You slash the orc knight!
The orc knight is heavily wounded.
You feel sick.
You hit the orc knight but do no damage.
The orc knight is heavily wounded.
You feel sick.
The orc knight hits you with a great mace of venom!!
* * * LOW HITPOINT WARNING * * *
You are lethally poisoned!
You are healed.
You feel somewhat more hungry.
* * * LOW HITPOINT WARNING * * *
You feel very sick.
The orc knight hits you with a great mace of venom!!
* * * LOW HITPOINT WARNING * * *
You are more poisoned.
Drink which item? (? for menu, Esc to quit)
Okay, then.
You beseech Elyvilon to protect your life.
You die...

....#.....#..........#
.........###....)...##
.........###...).....#
..........#.o.........
............o.........
...##........o..##....
.## ###.o..{....####..
###{......... #...
#@#{{...###.###...
##o#.#..#####.....
########.##......
#..........
##.##......
##.........
#...#......
##.##<..... ####......


You could see an orc knight.

Vanquished Creatures
  A hill giant (D:9)
  An orc knight (Orc:1)
  Pikel (D:4)
  An ugly thing (D:10)
  A centaur skeleton (D:9)
  A troll (D:10)
  A shadow (D:9)
  A wyvern (D:9)
  A hog (D:7)
  A human (D:7)
  3 hungry ghosts
  A warg (Orc:1)
  A water moccasin (D:9)
  2 sky beasts
  5 necrophages (D:9)
  12 orc warriors
  4 ice beasts
  2 phantoms
  6 centaurs
  7 ogres
  3 wolves (D:10)
  3 giant frogs
  2 water moccasin zombies
  2 scorpions
  11 wights
  10 howler monkeys
  3 crimson imps
  3 centaur zombies
  A giant frog zombie (D:9)
  3 giant frog skeletons
  6 hounds
  A gnoll shaman (D:8)
  3 jellies
  14 orc priests
  13 orc wizards
  2 worker ants
  2 iguanas
  A killer bee zombie (D:9)
  3 sheep (D:7)
  A hound zombie (D:9)
  2 hound skeletons
  A howler monkey zombie (D:9)
  5 gnolls (D:8)
  12 adders
  5 shadow imps
  An adder skeleton (D:8)
  5 worms
  2 dart slugs (D:4)
  5 giant geckos
  52 orcs
  5 bats
  5 giant cockroaches
  14 goblins
  7 hobgoblins
  11 jackals
  10 kobolds
  3 quokkas
  4 giant newts
  A jackal zombie (D:8)
  A quokka skeleton (D:6)
  7 rats
298 creatures vanquished.

Vanquished Creatures (others)
  An electric eel (D:10)
  A jelly (D:4)
  An adder (D:4)
  An orc (D:4)
  A jackal (D:4)
  A kobold (D:4)
  A giant newt (D:4)
  A plant (D:8)
8 creatures vanquished.

Grand Total: 306 creatures vanquished

Notes
Turn   | Place    | Note
--------------------------------------------------------------
     0 | D:1      | Murumi the Formicid Fighter began the quest for the Orb.
     0 | D:1      | Reached XP level 1. HP: 18/18 MP: 1/1
   168 | D:1      | Reached XP level 2. HP: 24/24 MP: 2/2
   910 | D:2      | Reached XP level 3. HP: 29/29 MP: 3/3
   920 | D:2      | Reached skill level 3 in Long Blades
   996 | D:2      | Found a deep blue altar of Sif Muna.
  1238 | D:2      | Reached XP level 4. HP: 35/35 MP: 4/4
  1541 | D:3      | Reached skill level 5 in Shields
  1588 | D:3      | Reached XP level 5. HP: 41/41 MP: 5/5
  1698 | D:3      | Reached skill level 4 in Long Blades
  1864 | D:3      | Found a snail-covered altar of Cheibriados.
  2159 | D:3      | Found a radiant altar of Vehumet.
  2653 | D:4      | Reached XP level 6. HP: 42/47 MP: 6/6
  2685 | D:4      | Noticed Pikel
  2688 | D:4      | Noticed a slave
  2693 | D:4      | Noticed a slave
  2693 | D:4      | Noticed a slave
  2694 | D:4      | Noticed a slave
  2718 | D:4      | Killed Pikel
  2718 | D:4      | Reached XP level 7. HP: 31/52 MP: 7/7
  2764 | D:4      | Reached XP level 8. HP: 34/58 MP: 8/8
  3052 | D:4      | Found an oddly glowing altar of Pakellas.
  3313 | D:4      | Found a shimmering altar of Xom.
  3342 | D:4      | Found an iron altar of Okawaru.
  3343 | D:4      | Found a bloodstained altar of Trog.
  3532 | D:5      | Entered Level 5 of the Dungeon
  3536 | D:4      | Reached skill level 5 in Long Blades
  3654 | D:5      | Reached skill level 6 in Long Blades
  4212 | D:6      | Reached skill level 5 in Fighting
  4603 | D:6      | Reached skill level 1 in Crossbows
  4623 | D:6      | Reached XP level 9. HP: 40/68 MP: 9/9
  5030 | D:7      | Found a staircase to the Ecumenical Temple.
  5036 | Temple   | Entered the Ecumenical Temple
  5045 | Temple   | Became a worshipper of Elyvilon the Healer
  5165 | D:7      | Found a stormy altar of Qazlal.
  5415 | D:7      | Reached skill level 7 in Long Blades
  5640 | D:7      | Reached skill level 1 in Invocations
  5878 | D:7      | Reached skill level 5 in Invocations
  6375 | D:8      | Reached skill level 8 in Long Blades
  6411 | D:8      | Reached * piety under Elyvilon
  6601 | D:8      | Reached XP level 10. HP: 66/74 MP: 13/13
  6784 | D:8      | Reached skill level 5 in Armour
  7077 | D:9      | HP: 1/74 [orc warrior/war axe of chopping (3)]
  7513 | D:9      | Found a staircase to the Orcish Mines.
  7567 | D:9      | Reached skill level 9 in Long Blades
  8219 | D:9      | Noticed an orange crystal statue
  8230 | D:9      | Reached skill level 5 in Crossbows
  8565 | D:9      | Reached XP level 11. HP: 79/81 MP: 16/16
  8622 | D:9      | Noticed a hill giant
  8637 | D:9      | Killed a hill giant
  8637 | D:9      | Reached skill level 10 in Long Blades
  8867 | D:10     | Entered Level 10 of the Dungeon
  8867 | D:10     | Noticed a cyan ugly thing
  8886 | D:10     | Reached ** piety under Elyvilon
  8950 | D:10     | Killed a cyan ugly thing
  9102 | D:10     | Found a staircase to the Lair.
  9823 | Orc:1    | Entered Level 1 of the Orcish Mines
  9874 | Orc:1    | Noticed an orc knight
  9882 | Orc:1    | Killed an orc knight
 10068 | Orc:2    | Entered Level 2 of the Orcish Mines
 10492 | Orc:1    | Found a roughly hewn altar of Beogh.
 11506 | Orc:2    | Noticed an orc knight
 11521 | Orc:2    | HP: 3/84 [orc knight/great mace of venom (21)]
 11522 | Orc:2    | Succumbed to an orc knight's poison

Vault maps used:
D:1:      dpeg_arrival_solitude, serial_bayou_pond_e
D:2:      first_bread, lemuel_blue_sif_altar
D:3:      marbit_many_paths, lemuel_round_altar, minmay_misc_feat_enclosed
D:4:      grunt_temple_overflow_bloody_war, nicolae_overflow_hidden_temple,
          old_standard_altar, uniq_pikel
D:5:      nrook_mini_backslash
D:6:      corexii_shack_village
D:7:      overflow_temple_1_default, minmay_temple_entry_enclosed_plants,
          grunt_livestock
D:8:      serial_bayou_pond_d
D:9:      david_orc_3, serial_undead, serial_undead_e, serial_undead_d,
          serial_undead_c, serial_undead_e, serial_undead_a, serial_undead_e,
          serial_undead_a, grunt_decor_arrowhead, minmay_statue_bubble
D:10:     erik_lair_island
Temple:   circular_temple_12
Orc:1:    minmay_goldmine, basic_altar
Orc:2:    pf_orc_diabolical

Skill      XL: |  1  2  3  4  5  6  7  8  9 10 11 |
---------------+----------------------------------+-----
Shields        | 4 5 6 9 |  9.2
Long Blades    | 3 4 6 8 9 10 | 10.9
Fighting       | 5 6 7 |  7.0
Armour         | 4 6 7 |  7.0
Crossbows      | 2 4 5 6 |  6.0
Invocations    | 5 7 9 |  9.0

Action                   |  1- 3 |  4- 6 |  7- 9 | 10-12 || total
-------------------------+-------+-------+-------+-------++-------
Melee: Long sword        |    81 |   112 |   476 |   210 ||   879
       Great sword       |       |       |       |   500 ||   500
Invok: Lesser Healing    |       |       |       |    35 ||    35
       Heal Other        |       |       |       |     3 ||     3
       Divine Protection |       |       |       |     1 ||     1
 Abil: Dig               |       |     2 |     5 |    12 ||    19
  Use: Scroll            |     6 |     3 |     9 |     7 ||    25
       Potion            |       |     5 |     1 |     1 ||     7
 Stab: Invisible         |       |     2 |       |       ||     2
  Eat: Chunk             |     1 |     5 |    14 |    29 ||    49
       Fruit             |       |       |       |     2 ||     2
       Beef jerky        |       |       |       |     1 ||     1
Armor: Scale mail        |    30 |    37 |    26 |       ||    93
       Chain mail        |       |       |   100 |    15 ||   115
       Plate armour      |       |       |       |   224 ||   224
Dodge: Dodged            |    16 |    28 |   107 |   122 ||   273
Block: Shield            |    42 |    65 |   270 |   372 ||   749
